 Dungeon Sprint DCSS version 0.29.1-12-g30fa7ad0bf (webtiles) character file.

Game seed: 2202240628916618171

42 Groucho the Digger (level 2, -12/13 HPs)
             Began as a Spriggan Earth Elementalist on Dec 28, 2022.
             Mangled by a jumping spider (14 damage)
             ... in the Dungeon (Sprint VI: "Thunderdome").
             The game lasted 00:02:38 (321 turns).

Groucho the Digger (Spriggan Earth Elementalist)     Turns: 321, Time: 00:02:38

Health: -12/13     AC:  2    Str:  4    XL:     2   Next: 6%
Magic:  0/7        EV: 18    Int: 16    God:
Gold:   280        SH:  0    Dex: 15    Spells: 7/8 levels left

rFire   . . .      SeeInvis +   (weapon restricted)
rCold   . . .      Faith    .   (no shield)
rNeg    . . .      Spirit   .   a - +0 robe
rPois   .          Reflect  .   (helmet restricted)
rElec   .          Harm     .   (no cloak)
rCorr   .          Rampage  .   (gloves unavailable)
Will    .....      NoTele   +   (boots unavailable)
Stlth   ++........              (no amulet)
HPRegen 0.04/turn               (no ring)
MPRegen 0.10/turn               (no ring)

@: very quick
A: very small, no large weapons, unfitting armour, see invisible, speed 3
a: no special abilities


You were in the Dungeon.
You visited 1 branch You collected 280 gold pieces.

Inventory:

Armour
 a - a +0 robe (worn)
Wands
 h - a wand of iceblast (5)
 i - a wand of quicksilver (5)
Scrolls
 g - 4 scrolls of blinking
 j - 3 scrolls of butterflies
Potions
 b - 3 potions of magic
 c - a potion of curing
 d - 4 potions of heal wounds
 e - 4 potions of haste
 f - a potion of berserk rage
 k - a potion of resistance


   Skills:
 + Level 3.8 Dodging
 - Level 3.0 Stealth
 + Level 3.6 Spellcasting
 - Level 1.3 Transmutations
 * Level 3.8 Earth Magic


You had 7 spell levels left.
You knew the following spells:

 Your Spells              Type           Power      Damage    Failure   Level
a - Sandblast             Erth           30%        2d9       3%          1

Your spell library contained the following spells:

 Spells                   Type           Power      Damage    Failure   Level
 Passwall                 Tmut/Erth      9%         N/A       9%          2
 Stone Arrow              Conj/Erth      18%        3d8       24%         3
 Petrify                  Tmut/Erth      11%        N/A       52%         4


Dungeon Overview and Level Annotations

Branches:
Dungeon (1/1)

Altars:
Cheibriados
Dithmenos
Fedhas
Gozag
Kikubaaqudgha
Makhleb
Okawaru
Qazlal
Ru
Sif Muna
Trog
Uskayaw
Vehumet
Wu Jian
Xom
Yredelemnul
Zin
The Shining One
Lugonu

Shops:
D *[??*?*:[((!!!!


Innate Abilities, Weirdness & Mutations

You are very small and have problems with some larger weapons.
You are too small for most types of armour.
You have supernaturally acute eyesight. (SInv)
You cover ground extremely quickly. (Speed+++)


Message History

The scorpion misses you.
A jumping spider comes into view.
Casting: Sandblast (safe; 3% risk of failure)
Confirm with . or Enter, or press ? or * to list all spells.
Aiming: Sandblast (safe; 3% risk of failure)
Press: ? - help, Shift-Dir - straight line, f/p - scorpion
Aim: a scorpion (almost dead, 82% to hit)
The blast of sand misses the scorpion.
The jumping spider leaps!
The jumping spider barely misses you. x2; The scorpion closely misses you.
The jumping spider leaps!
Casting: Sandblast (safe; 3% risk of failure)
Confirm with . or Enter, or press ? or * to list all spells.
Aiming: Sandblast (safe; 3% risk of failure)
Press: ? - help, Shift-Dir - straight line, f/p - scorpion
Aim: a scorpion (almost dead, 82% to hit)
The blast of sand hits the scorpion but does no damage.
The scorpion is almost dead.
The scorpion stings you.
Unknown command.
The jumping spider leaps!
A scorpion comes into view.
Casting: Sandblast (safe; 3% risk of failure)
Confirm with . or Enter, or press ? or * to list all spells.
Aiming: Sandblast (safe; 3% risk of failure)
Press: ? - help, Shift-Dir - straight line, f/p - scorpion
Aim: a scorpion (almost dead, 82% to hit)
The blast of sand hits the scorpion but does no damage.
The scorpion is almost dead.
Unknown command.
Unknown command.
You hit the scorpion but do no damage.
The scorpion is almost dead.
The scorpion stings you!
Ouch! That really hurt!
* * * LOW HITPOINT WARNING * * *
You closely miss the scorpion.
The scorpion is almost dead.
The scorpion misses you. x2; The jumping spider pounces on you!
Ouch! That really hurt!
You die...

#.............###s............##
⌠..........###...###..........⌠#
⌠..........# #.<.# #..........⌠#
⌠..........###...###..........⌠#
#.............###.............##
###∩........8.# #.8........∩###
##∩___......###.......__∩##
######.8....s....8.######
#⌠.....s@....⌠# ###.....s...###
#_........# #_........#
#_......._# #∩.......∩#
##∩.....∩## ##.....## ##⌠⌠⌠##


You could see a jumping spider and 2 scorpions.

Vanquished Creatures
  A bat skeleton (D)
  A bat zombie (D)
  An endoplasm (D)
  A giant cockroach (D)
  A ball python skeleton (D)
  A ball python zombie (D)
  A goblin (D)
  2 kobolds (D)
9 creatures vanquished.

Notes
Turn   | Place    | Note
-------+----------+-------------------------------------------
     0 | D        | Groucho the Spriggan Earth Elementalist began the quest for
                  | the Orb.
     0 | D        | Reached XP level 1. HP: 9/9 MP: 5/5
     1 | D        | Found an opulent altar of Gozag.
     1 | D        | Found a basalt altar of Yredelemnul.
     2 | D        | Found a stormy altar of Qazlal.
     2 | D        | Found a shimmering altar of Xom.
     3 | D        | Found a hide-covered altar of Uskayaw.
     3 | D        | Found a sacrificial altar of Ru.
     4 | D        | Found Nivaith's Identification Station.
     4 | D        | Found a snail-covered altar of Cheibriados.
     4 | D        | Found a corrupted altar of Lugonu.
     5 | D        | Found Sufompe's Advanced Armour.
     5 | D        | Found Xaump's Jewellery.
     9 | D        | Round 1.
    23 | D        | Found an iron altar of Okawaru.
    28 | D        | Found an ancient bone altar of Kikubaaqudgha.
    28 | D        | Found a glowing silver altar of Zin.
    29 | D        | Found Mitzoi's Magic Scroll Shop.
    30 | D        | Found Recluqemp's Magic Scroll Shop.
    30 | D        | Found Vintet's Must-Have Magic.
    42 | D        | Found an ornate altar of the Wu Jian Council.
    42 | D        | Found Medakem's Staff Store.
    84 | D        | Arena points: 12 (+12) [x2]
   127 | D        | Found a burning altar of Makhleb.
   131 | D        | Found a glowing golden altar of the Shining One.
   131 | D        | Found a shimmering blue altar of Sif Muna.
   131 | D        | Found Ucairphua's Distillery.
   131 | D        | Found Zoutzuq's Distillery.
   148 | D        | Found a bloodstained altar of Trog.
   148 | D        | Found a blossoming altar of Fedhas.
   148 | D        | Found Xoinkourr's Do-It-Yourself Clinic.
   149 | D        | Found Erosiecs's Bottled Wisdom.
   171 | D        | Found a shadowy altar of Dithmenos.
   172 | D        | Found a radiant altar of Vehumet.
   172 | D        | Found Nieh's Weapon Rack.
   172 | D        | Found Nicerigi's Premium Goods.
   173 | D        | Found Zyfan's Basic Armour.
   173 | D        | Found Hoeheur's Miscellaneous Merchandise.
   179 | D        | Round 2.
   181 | D        | Noticed a phantom
   181 | D        | Noticed a phantom
   194 | D        | Reached XP level 2. HP: 9/13 MP: 1/7
   261 | D        | Arena points: 42 (+30) [x3]
   282 | D        | Round 3.
   286 | D        | Noticed a scorpion
   298 | D        | Noticed a jumping spider
   312 | D        | Noticed a scorpion
   321 | D        | Mangled by a jumping spider

Illustrated notes

Levels and vault maps discovered:
D:        arena_sprint

Skill      XL: |  1 |
---------------+----+-----
Dodging        | 3 |  3.8
Spellcasting   | 3 |  3.6
Earth Magic    | 3 |  3.8
Stealth        | |  3.0
Transmutations | |  1.3

Action                   || total
-------------------------++-------
Melee: Unarmed           ||     2
 Cast: Sandblast         ||    22
Armor: Robe              ||     3
Dodge: Dodged            ||    28
